 Dungeon Crawl Stone Soup version 0.24.1-14-gf8d2b509d9 (webtiles) character file.

Game seed: 31802862690901562, levelgen mode: deterministic

50 Amplified the Firebug (level 3, 0/29 HPs)
             Began as a Hill Orc Fire Elementalist on May 20, 2020.
             Succumbed to a goblin's poison
             ... on level 2 of the Dungeon.
             The game lasted 00:03:13 (2190 turns).

Amplified the Firebug (Hill Orc Fire Elementalist)  Turns: 2190, Time: 00:03:13

Health: 0/29       AC:  6    Str: 11    XL:     3   Next: 79%
Magic:  5/5        EV:  6    Int: 15    God:
Gold:   134        SH:  7    Dex: 11    Spells: 4/5 levels left

rFire    . . .     SeeInvis .   f - +0 hand axe
rCold    . . .     Gourm    .   i - +0 shield
rNeg     . . .     Faith    .   g - +0 scale mail
rPois    .         Spirit   .   (no helmet)
rElec    .         Reflect  .   (no cloak)
rCorr    .         Harm     .   (no gloves)
MR       .....                  (no boots)
Stlth    ..........             (no amulet)
HPRegen  0.09/turn              (no ring)
MPRegen  0.09/turn              (no ring)

@: lethally poisoned (0 -> -5)
A: no striking features
a: no special abilities


You were on level 2 of the Dungeon.
You were not hungry.

You visited 1 branch of the dungeon, and saw 2 of its levels.

You collected 134 gold pieces.

Inventory:

Hand Weapons
 f - a +0 hand axe (weapon)
Missiles
 d - 61 stones
 e - 30 poisoned darts (quivered)
Armour
 a - a +0 robe
 g - a +0 scale mail (worn)
 i - a +0 shield (worn)
Scrolls
 b - a scroll of identify
Potions
 k - a potion of brilliance
Comestibles
 c - 4 rations


   Skills:
 * Level 2.0 Fighting
 * Level 1.9 Axes
   Level 0.0(0.8) Maces & Flails
 + Level 1.2 Armour
 + Level 1.9 Dodging
 - Level 1.5 Stealth
 * Level 1.0 Shields
 - Level 1.5 Spellcasting
 - Level 1.0 Conjurations
 - Level 3.2 Fire Magic


You had 4 spell levels left.
You knew the following spells:

 Your Spells              Type           Power        Failure   Level  Hunger
a - Flame Tongue          Conj/Fire      #....        98%         1    ##.....

Your spell library contained the following spells:

 Spells                   Type           Power        Failure   Level  Hunger
 Throw Flame              Conj/Fire      #.....       99%         2    ###....
 Conjure Flame            Conj/Fire      #.......     100%        3    ####...
 Inner Flame              Hex/Fire       #.......     100%        3    ####...
 Sticky Flame             Conj/Fire      #.......     100%        4    #####..
 Fireball                 Conj/Fire      #.........   100%        5    ######.


Dungeon Overview and Level Annotations

Branches:
Dungeon (2/15)

Altars:


Message History

The adder skeleton is lightly damaged.
* * * LOW HITPOINT WARNING * * *
You feel sick.
The adder skeleton bites you but does no damage.
Your magical contamination has completely faded away.
Unknown command.
You hit the adder skeleton.
The adder skeleton is heavily damaged.
* * * LOW HITPOINT WARNING * * *
You feel sick. The adder skeleton bites you.
* * * LOW HITPOINT WARNING * * *
The adder skeleton barely misses you.
Unknown command.
You hit the adder skeleton.
The adder skeleton is severely damaged.
You block the adder skeleton's attack.
Unknown command.
You hit the adder skeleton.
The adder skeleton is almost destroyed.
You die...

#.....#.#.#.#.#.#.
#.................
#....#.#.#.#.#.#.#
#.................
#...#.#.#.#.#.#.#.
###†..............
#.#.#.#.#.#.#.#.#
##Z)......h.......
#@#.#.#.#.#.#.#.#.
#.................
#.#.#.#.#.#.#.#.#.#
##........( .......
#.#.#.#.#. #.#.#.
##....... ....
#.#.#.#.# .#.# ..
.... .#)


You could see an adder skeleton.

Vanquished Creatures
  An adder (D:2)
  A dart slug (D:1)
  2 leopard geckos
  3 giant cockroaches
  7 goblins
  3 hobgoblins
  3 jackals (D:2)
  3 kobolds
  4 bats
  4 frilled lizards
  5 rats
36 creatures vanquished.

Notes
Turn   | Place    | Note
-------+----------+-------------------------------------------
     0 | D:1      | Amplified the Hill Orc Fire Elementalist began the quest
                  | for the Orb.
     0 | D:1      | Reached XP level 1. HP: 14/14 MP: 3/3
   147 | D:1      | Reached skill level 1 in Fighting
   175 | D:2      | Reached XP level 2. HP: 16/23 MP: 4/4
   339 | D:2      | Reached skill level 1 in Axes
   804 | D:2      | Reached skill level 1 in Armour
  1046 | D:2      | Reached XP level 3. HP: 27/28 MP: 5/5
  1773 | D:2      | Reached skill level 1 in Shields
  2188 | D:2      | HP: 1/29 [adder skeleton (1)]
  2190 | D:2      | Succumbed to a goblin's poison

Levels and vault maps discovered:
D:1:      roderic_dead_forest, layout_rooms
D:2:      layout_basic, first_ration, hex_large, chequers_serial_rivers_large_b,
          minmay_pentomino_v2

Skill      XL: |  1  2  3 |
---------------+----------+-----
Fighting       | 1 2 |  2.0
Axes           | 1 |  1.9
Armour         | 1 |  1.2
Shields        | 1 |  1.0
Dodging        | |  1.9
Stealth        | |  1.5
Spellcasting   | |  1.5
Conjurations   | |  1.0
Fire Magic     | |  3.2

Action                   || total
-------------------------++-------
Melee: Hand axe          ||   171
       Unarmed           ||     4
Throw: Dart              ||     8
 Cast: Flame Tongue      ||     6
  Use: Scroll            ||     5
       Potion            ||     2
 Stab: Sleeping          ||     1
       Invisible         ||     2
  Eat: Chunk             ||     2
       Ration            ||     1
Armor: Robe              ||     9
       Scale mail        ||    68
Dodge: Dodged            ||    72
Block: Shield            ||    49
